 Dungeon Crawl Stone Soup version 0.30-a0-373-gd37427bb62 (webtiles) character file.

Game seed: 1394381780541562651

91 karrick the Trooper (level 4, -1/29 HPs)
             Began as a Gargoyle Fighter on Nov 23, 2022.
             Slain by Natasha (5 damage)
             ... on level 2 of the Dungeon.
             The game lasted 00:01:46 (1927 turns).

karrick the Trooper (Gargoyle Fighter)              Turns: 1927, Time: 00:01:47

Health: -1/29      AC: 11    Str: 19    XL:     4   Next: 57%
Magic:  13/13      EV:  9    Int:  9    God:
Gold:   100        SH:  4    Dex: 11    Spells: 3/3 levels left

rFire   . . .      SeeInvis .    a - +0 flail
rCold   . . .      Faith    .    c - +0 buckler
rNeg    + . .      Spirit   .    b - +0 scale mail
rPois   ∞          Reflect  .    m - +0 helmet
rElec   +          Harm     .    (no cloak)
rCorr   .          Rampage  .    (no gloves)
Will    .....                    (no boots)
Stlth   ..........               (no amulet)
HPRegen 0.24/turn                f - ring of magical power
MPRegen 0.13/turn                (no ring)

@: no status effects
A: sickness immunity, AC +3, negative energy resistance 1, electricity
resistance, torment resistance 1, petrification resistance
a: no special abilities


You were on level 2 of the Dungeon.
You visited 1 branch of the dungeon, and saw 2 of its levels.

You collected 100 gold pieces.

Inventory:

Hand Weapons
 a - a +0 flail (weapon)
Missiles
 q - 3 javelins (quivered)
Armour
 b - a +0 scale mail (worn)
 c - a +0 buckler (worn)
 m - a +0 helmet (worn)
Jewellery
 f - a ring of magical power (left hand)
 h - a ring of willpower
 j - a ring of willpower
 k - a ring of willpower
Scrolls
 e - a scroll of blinking {unknown}
 g - a scroll of teleportation {unknown}
 i - 2 scrolls of identify {unknown}
 l - a scroll of vulnerability {unknown}
 n - a scroll of immolation {unknown}
 o - a scroll of brand weapon {unknown}
Potions
 d - a potion of might
 p - a potion of haste {unknown}


   Skills:
 + Level 3.7 Fighting
 + Level 3.7 Maces & Flails
 + Level 3.7 Armour
 + Level 0.1 Stealth
 + Level 3.6 Shields


You had 3 spell levels left.
You didn't know any spells.
Your spell library contained the following spells:

 Spells                   Type           Power      Damage    Failure   Level
 Kiss of Death            Conj/Necr      0%         2d5       83%         1
 Confusing Touch          Hex            0%         N/A       99%         3
 Dispel Undead            Necr           0%         3d6       100%        4


Dungeon Overview and Level Annotations

Branches:
Dungeon (2/15)

Altars:

Annotations:
D:2 Natasha


Innate Abilities, Weirdness & Mutations

You are immune to sickness and miasma.
Your stone body is resilient. (AC +3)
You are immune to poison.
You resist negative energy. (rN+)
You are resistant to electric shocks. (rElec)
You are resistant to unholy torment.
You are immune to petrification.


Message History

Natasha claws you but does no damage.
The crimson imp hits you but does no damage.
The worm bites you but does no damage.
You barely miss the worm.
The worm is severely wounded.
Natasha closely misses you.
The crimson imp hits you but does no damage.
The worm bites you.
Natasha casts a spell.
You sock the worm!
You kill the worm!
The crimson imp barely misses you.
Natasha mumbles some strange words.
The crimson imp shouts, "Slither home, thou beslubbering spleeny snaffler!"
The crimson imp closely misses you.
You hit the crimson imp.
The crimson imp is lightly wounded.
Natasha claws you!
The crimson imp hits you but does no damage.
You barely miss the crimson imp.
The crimson imp is lightly wounded.
Natasha claws you. The crimson imp hits you.
You block the crimson imp's attack.
You are too injured to fight recklessly!
You are too injured to fight recklessly!
There are monsters nearby!
You are too injured to fight recklessly!
Natasha attacks as you move away! Natasha claws you but does no damage.
You block the crimson imp's attack. Natasha closely misses you.
Natasha attacks as you move away! Natasha claws you but does no damage.
The crimson imp disappears in a puff of smoke!
You closely miss Natasha. Natasha claws you.
You closely miss Natasha. Natasha claws you!
* * * LOW HITPOINT WARNING * * *
You closely miss Natasha. Natasha barely misses you.
You completely miss Natasha.
Natasha howls an incantation.
Natasha's front paws start to glow.
Natasha claws you.
You die...

.##### .#
.# .# .# .#
.#
###########
.#
#.........#
.#
#.#######@#
.###.# #.#
#h######
.....# #.#
#55....#
.##### #.#
#†...!.# ##
#####.#
#...$..#
####.....#
#......#
.......#.#
#......#
####.#.###
#......# #
#.#.#
#........


You could see Natasha, a crimson imp (summoned) and a white imp (summoned).

Vanquished Creatures
  Natasha (D:2)
  Robin (D:2)
  A worm (D:2)
  A dart slug (D:1)
  4 ball pythons
  2 endoplasms (D:2)
  2 giant cockroaches (D:1)
  11 goblins
  7 hobgoblins
  4 quokkas
  3 bats
  4 frilled lizards
  3 kobolds
  5 rats
49 creatures vanquished.

Vanquished Creatures (others)
  A plant (D:1)
1 creature vanquished.

Grand Total: 50 creatures vanquished

Notes
Turn   | Place    | Note
-------+----------+-------------------------------------------
     0 | D:1      | karrick the Gargoyle Fighter began the quest for the Orb.
     0 | D:1      | Reached XP level 1. HP: 14/14 MP: 1/1
   189 | D:1      | Reached XP level 2. HP: 19/19 MP: 2/2
   713 | D:1      | Reached XP level 3. HP: 23/23 MP: 3/3
  1296 | D:2      | Noticed Robin
  1310 | D:2      | Killed Robin
  1572 | D:2      | Reached XP level 4. HP: 29/29 MP: 4/4
  1605 | D:2      | Noticed Natasha
  1620 | D:2      | Killed Natasha
  1912 | D:2      | Noticed Natasha
  1927 | D:2      | Slain by Natasha

Illustrated notes

Levels and vault maps discovered:
D:1:      nicolae_arrival_memento_mori, layout_basic, serial_forest,
          infiniplex_forest_lined_corner, infiniplex_forest_pool,
          infiniplex_forest_join, infiniplex_forest_zigzag_1,
          infiniplex_forest_fountain, infiniplex_forest_clump_curved,
          infiniplex_forest_end_2
D:2:      layout_basic, uniq_robin, uniq_natasha

Skill      XL: |  1  2  3 |
---------------+----------+-----
Maces & Flails | 3 |  3.7
Fighting       | |  3.7
Armour         | |  3.7
Stealth        | |  0.1
Shields        | |  3.6

Action                   |  1- 3 |  4- 6 || total
-------------------------+-------+-------++-------
Melee: Flail             |   135 |    41 ||   176
Armor: Scale mail        |    75 |    21 ||    96
Dodge: Dodged            |    70 |    23 ||    93
Block: Buckler           |    27 |     7 ||    34

Table legend: (Time is in decaauts)
 A = Elapsed time spent in this place.
 B = Non-inter-level travel time spent in this place.
 C = Inter-level travel time spent in this place.
 D = Time resting spent in this place.
 E = Time spent auto-exploring this place.
 F = Levels seen in this place.
 G = Mean time per level.
                   A        B        C        D        E       F      G
               +--------+--------+--------+--------+--------+-----+--------+
         Total |   1979 |   1969 |     10 |      0 |   1595 |   2 |  989.5 |
       Dungeon |   1979 |   1969 |     10 |      0 |   1595 |   2 |  989.5 |
               +--------+--------+--------+--------+--------+-----+--------+

Top non-repeatable levels by time:
     D:1: 1242 daAuts
     D:2: 736 daAuts
